 Dungeon Crawl Stone Soup version 0.32-a0-705-g60f233581c (webtiles) character file.

Game seed: 17104236488758351858

1 BeKind the Grasshopper (level 1, -2/10 HPs)
             Began as a Spriggan Warper on Mar 15, 2024.
             Frozen to death by an endoplasm (5 damage)
             ... on level 1 of the Dungeon.
             The game lasted 00:00:24 (122 turns).

BeKind the Grasshopper (Spriggan Warper)             Turns: 122, Time: 00:00:25

Health: -2/10      AC:  2    Str:  7    XL:     1   Next: 16%
Magic:  5/5        EV: 16    Int: 14    God:
Gold:   15         SH:  0    Dex: 14    Spells: 5/5 levels left

rFire   . . .        a - +0 short sword
rCold   . . .        (no shield)
rNeg    . . .        b - +0 robe
rPois   .            (helmet restricted)
rElec   .            (no cloak)
rCorr   .            (gloves unavailable)
SInv    +            (boots unavailable)
Will    .....        (no amulet)
Stlth   +            (no ring)
HPRegen 0.21/turn    (no ring)
MPRegen 0.09/turn

%: no passive effects
@: very quick
A: very small, no large weapons, unfitting armour, see invisible, speed 3
a: no special abilities


You were on level 1 of the Dungeon.
You visited 1 branch of the dungeon, and saw 1 of its levels.

You collected 15 gold pieces.

Inventory:

Hand Weapons
 a - a +0 short sword (weapon)
Missiles
 d - 7 darts of dispersal (quivered)
Armour
 b - a +0 robe (worn)
Scrolls
 c - a scroll of blinking


   Skills:
 + Level 1.5 Fighting
 + Level 2.2 Short Blades
 - Level 1.0 Throwing
 + Level 3.2 Dodging
 + Level 0.0 Stealth
 + Level 2.7 Spellcasting
 + Level 4.4 Translocations


You had 5 spell levels left.
You didn't know any spells.
Your spell library contained the following spells:

 Spells                   Type           Power      Damage    Failure   Level
 Blink                    Tloc           28%        N/A       5%          2
 Lesser Beckoning         Tloc           28%        N/A       5%          2
 Teleport Other           Tloc           14%        N/A       11%         3
 Manifold Assault         Tloc           14%        N/A       34%         4
 Vhi's Electric Charge    Tloc/Air       16%        N/A       65%         4


Dungeon Overview and Level Annotations

Branches:
Dungeon (1/15)

Altars:

Shops:
D:1 *


Innate Abilities, Weirdness & Mutations

You are very small and have problems with some larger weapons.
You are too small for most types of armour.
You have supernaturally acute eyesight. (SInv)
You cover ground extremely quickly. (Speed+++)


Message History

You hit the ball python.
You kill the ball python!
HP restored.
Found a stone staircase leading down.
No target in view!
You now have 15 gold pieces (gained 13).
An endoplasm comes into view.
A ball python comes into view.
There are monsters nearby!
There are monsters nearby!
The endoplasm freezes you.
You are frozen.
There are monsters nearby!
You barely miss the endoplasm. The endoplasm barely misses you.
There are monsters nearby!
You hit the endoplasm.
The endoplasm is heavily wounded.
The endoplasm freezes you.
You are frozen.
Ouch! That really hurt!
* * * LOW HITPOINT WARNING * * *
You are too injured to fight recklessly!
There are monsters nearby!
There are monsters nearby!
You are too injured to fight recklessly!
There are monsters nearby!
You are too injured to fight recklessly!
You are too injured to fight recklessly!
There are monsters nearby!
You are too injured to fight recklessly!
You don't know any spells.
You hit the endoplasm but do no damage.
The endoplasm is heavily wounded.
The endoplasm quivers.
The ball python hisses angrily.
An endoplasm comes into view.
The endoplasm freezes you.
You are frozen.
Ouch! That really hurt!
You die...

.####..#.....##.#
#.##.##.#
...........#.##. J.
#.......#
...........#.... .
####.####
...........#.##. S
#.#
.#####.##.##.##.#.
#.# .# #...........#
#.#
.######..J.......#
#.# ......
........J.# #.#
..#### .........@#
######.# ..#
........######......#
.....
...............######
##.#.#
#.......######## ....
#.......# #..
..####### . .. # ##


You could see 3 endoplasms and a ball python.

Vanquished Creatures
  A ball python (D:1)
  A rat (D:1)
2 creatures vanquished.

Notes
Turn   | Place    | Note
-------+----------+-------------------------------------------
     0 | D:1      | BeKind the Spriggan Warper began the quest for the Orb.
     0 | D:1      | Reached XP level 1. HP: 10/10 MP: 5/5
     2 | D:1      | Found Gafociy's General Store.
   122 | D:1      | Frozen to death by an endoplasm

Illustrated notes

Levels and vault maps discovered:
D:1:      lightli_arrival_maybe_door_vault, layout_loops_cross, serial_shops,
          shop, nicolae_shop_tiny_glass

Action                     || total
---------------------------++-------
  Melee: Short sword       ||     8
 Armour: Robe              ||     2
  Dodge: Dodged            ||     5

Table legend: (Time is in decaauts)
 A = Elapsed time spent in this place.
 B = Non-inter-level travel time spent in this place.
 C = Inter-level travel time spent in this place.
 D = Time resting spent in this place.
 E = Time spent auto-exploring this place.
 F = Levels seen in this place.
 G = Mean time per level.
                   A        B        C        D        E       F      G
               +--------+--------+--------+--------+--------+-----+--------+
         Total |     80 |     80 |      0 |      0 |     66 |   1 |   80.0 |
       Dungeon |     80 |     80 |      0 |      0 |     66 |   1 |   80.0 |
               +--------+--------+--------+--------+--------+-----+--------+

Top non-repeatable levels by time:
     D:1: 80 daAuts
